 Dungeon Crawl Stone Soup version 0.22-a0-425-g89d60a1 (webtiles) character file.

466 KristoblXynda the Chopper (level 6, -7/55 HPs)
             Began as a Deep Dwarf Fighter on May 24, 2018.
             Mangled by an ogre
             ... wielding a +0 giant club
              (20 damage)
             ... on level 4 of the Dungeon.
             The game lasted 00:05:50 (2510 turns).

KristoblXynda the Chopper (Deep Dwarf Fighter)      Turns: 2510, Time: 00:05:51

Health: -7/55      AC:  7    Str: 22    XL:     6   Next: 81%
Magic:  6/6        EV:  8    Int:  8    God:
Gold:   153        SH: 10    Dex: 12    Spells: 5/5 levels left

rFire    + . .     SeeInvis .   a - +0 war axe
rCold    . . .     Gourm    .   c - +0 shield
rNeg     . . .     Faith    .   l - +1 ring mail {rF+}
rPois    .         Spirit   .   (no helmet)
rElec    .         Reflect  .   (no cloak)
rCorr    .         Harm     .   (no gloves)
MR       .....                  (no boots)
Stlth    ++........             b - amulet of rage
HPRegen  0.00/turn              m - ring of stealth
MPRegen  0.10/turn              (no ring)

@: berserk cooldown, non-regenerating, slowed, very slow
A: damage resistance, heal wounds, sense surroundings 1, no regeneration
a: Heal Wounds, Evoke Berserk Rage


You were on level 4 of the Dungeon.
You were not hungry.

You visited 1 branch of the dungeon, and saw 4 of its levels.

You collected 153 gold pieces.

Inventory:

Hand Weapons
 a - a +0 war axe (weapon)
Armour
 c - a +0 shield (worn)
 l - a +1 ring mail of fire resistance (worn)
Jewellery
 b - an amulet of rage (around neck)
 m - a ring of stealth (left hand)
Scrolls
 d - 2 scrolls of fog {unknown}
 h - 3 scrolls of remove curse
 i - a scroll of amnesia {unknown}
 j - a scroll of enchant armour {unknown}
 k - 2 scrolls of identify
 n - 2 scrolls of fear
Potions
 g - 3 potions of brilliance
Comestibles
 f - 11 rations


   Skills:
 - Level 2.6 Fighting
 * Level 6.0 Axes
 + Level 5.0 Armour
 + Level 5.1 Shields


You had 5 spell levels left.
You didn't know any spells.
Your spell library was empty.

Dungeon Overview and Level Annotations

Branches:
Dungeon (4/15)
 Temple: D:4-7

Altars:

Shops:
D:4 =


Innate Abilities, Weirdness & Mutations

You are resistant to damage.
You can heal yourself by infusing magical energy.
You passively map a small area around you.
You do not regenerate.


Message History

A magic dart appears from out of thin air!
The magic dart hits you!
* * * LOW HITPOINT WARNING * * *
An orc comes into view. It is wielding a war axe.
You closely miss something.
The orc shouts!
You closely miss something. Something hits you but does no damage.
You closely miss something.
The orc wizard points at you and mumbles some strange words.
The magic dart hits something.
Reactivating autopickup.
Your Axes skill increases to level 6!
You feel a bit more experienced.
An orc comes into view.
You are no longer berserk.
You are exhausted.
You feel yourself slow down.
The orc shouts!
The ogre hits you with a giant club!!
You die...

,.., * , #.##*** ##* * * #...,
.. , , *##..#* .###
,...#####o.. ##,###.##.....# ,
######.##.†..#.# ..# *
.......#.###...##o.###.. *
#...## ##...@Oo..... #...#
#.######.### #...## #.# #.* *
##.#.###.## ##.## #.##...#
#...# , ######.....## #...# *
....##.###.# #...# *
....##.###.## #####...#####
...)##.#....###...........##.#
*


You could see an ogre, an orc wizard and 2 orcs.

Vanquished Creatures
  Sigmund (D:2)
  The ghost of torrenera the Grave Robber, an amateur DsNe (D:3)
  A scorpion (D:4)
  An orc wizard (D:3)
  A worker ant (D:4)
  An adder (D:3)
  2 oozes
  2 dart slugs (D:2)
  A leopard gecko (D:3)
  11 orcs
  A giant cockroach (D:2)
  8 goblins
  14 hobgoblins
  3 jackals (D:2)
  A quokka (D:4)
  11 bats
  3 frilled lizards
  8 kobolds
  9 rats
80 creatures vanquished.

Vanquished Creatures (others)
  An orc wizard (D:4)
1 creature vanquished.

Grand Total: 81 creatures vanquished

Notes
Turn   | Place    | Note
-------+----------+-------------------------------------------
     0 | D:1      | KristoblXynda the Deep Dwarf Fighter began the quest for the Orb.
     0 | D:1      | Reached XP level 1. HP: 20/20 MP: 1/1
   170 | D:1      | Reached XP level 2. HP: 25/27 MP: 2/2
   543 | D:1      | Reached skill level 3 in Axes
   788 | D:2      | Reached XP level 3. HP: 22/33 MP: 3/3
   990 | D:2      | Noticed Sigmund
  1000 | D:2      | Killed Sigmund
  1000 | D:2      | Reached skill level 4 in Axes
  1000 | D:2      | Reached XP level 4. HP: 20/40 MP: 4/4
  1000 | D:2      | Reached XP level 5. HP: 23/46 MP: 5/5
  1090 | D:2      | Found a faded altar of an unknown god.
  1507 | D:3      | Noticed torrenera's ghost (amateur DsNe)
  1508 | D:3      | Reached skill level 5 in Axes
  1527 | D:3      | Killed torrenera's ghost
  1527 | D:3      | Reached XP level 6. HP: 16/55 MP: 6/6
  2126 | D:4      | Found Gois's Jewellery Shoppe.
  2355 | D:4      | Reached skill level 5 in Armour
  2355 | D:4      | Reached skill level 5 in Shields
  2509 | D:4      | Reached skill level 6 in Axes
  2510 | D:4      | Mangled by an ogre

Vault maps used:
D:1:      giann_wishing_wells, serial_park_tiny_1
D:2:      nicolae_overflow_hidden_temple, chequers_ecumenical_altar_lobes,
          uniq_sigmund
D:3:      first_ration, wad_floor_pattern_1, corexii_item_surrounded_by_moat
D:4:      kennysheep_mini, serial_shops, shop, minmay_stone_trees_small,
          uniq_edmund, uniq_crazy_yiuf_cottage

Skill      XL: |  1  2  3  4  5  6 |
---------------+-------------------+-----
Axes           | 3 4 5 6 |  6.0
Armour         | 4 5 |  5.0
Shields        | 4 5 |  5.1
Fighting       | |  2.6

Action                   |  1- 3 |  4- 6 || total
-------------------------+-------+-------++-------
Melee: War axe           |   113 |   137 ||   250
  Use: Potion            |     2 |     6 ||     8
       Scroll            |     2 |     4 ||     6
 Stab: Sleeping          |       |     2 ||     2
  Eat: Chunk             |     1 |     3 ||     4
       Ration            |       |     1 ||     1
Armor: Scale mail        |    62 |    35 ||    97
       Ring mail         |       |    15 ||    15
Dodge: Dodged            |    52 |    31 ||    83
Block: Shield            |    85 |    60 ||   145

Table legend:
 A = Spawn XP
 B = Non-spawn XP
 C = Spawn XP percentage of total XP
 D = Spawn monster count
 E = Non-spawn monster count
 F = Spawn count percentage of total count
 G = Total turns spent on level
                    A         B        C        D         E        F      G
               +---------+---------+-------+---------+---------+-------+---------
         Total |       0 |     666 |   0.0 |       0 |      81 |   0.0 |  2510
               +---------+---------+-------+---------+---------+-------+---------
           D:1 |       0 |      37 |   0.0 |       0 |      21 |   0.0 |   761
           D:2 |       0 |     263 |   0.0 |       0 |      23 |   0.0 |   623
           D:3 |       0 |     221 |   0.0 |       0 |      30 |   0.0 |   742
           D:4 |       0 |     145 |   0.0 |       0 |       7 |   0.0 |   384
               +---------+---------+-------+---------+---------+-------+---------
